 Dungeon Crawl Stone Soup version 0.21.1-1-g345015f (webtiles) character file.

36 Monsterracer the Chiller (level 3, -1/24 HPs)
             Began as a Merfolk Ice Elementalist on Feb 7, 2018.
             Slain by a jackal (2 damage)
             ... on level 2 of the Dungeon.
             The game lasted 00:01:28 (1635 turns).

Monsterracer the Chiller (Merfolk Ice Elementalist) Turns: 1635, Time: 00:01:29

Health: -1/24      AC:  7    Str:  8    XL:     3   Next: 37%
Magic:  0/6        EV: 13    Int: 15    God:
Gold:   52         SH:  0    Dex: 14    Spells: 2/6 levels left

rFire    . . .     SeeInvis .     - Unarmed
rCold    . . .     Gourm    .   (no shield)
rNeg     . . .     Faith    .   a - +0 robe
rPois    .         Spirit   .   (no helmet)
rElec    .         Reflect  .   (no cloak)
rCorr    .         Harm     .   (no gloves)
MR       .....                  (no boots)
Stlth    ++........             (no amulet)
HPRegen  0.08/turn              (no ring)
MPRegen  0.10/turn              (no ring)

@: icy armour, very slightly contaminated, slow
A: change form in water, swift swim, stealthy swim
a: no special abilities


You were on level 2 of the Dungeon.
You were hungry.

You visited 1 branch of the dungeon, and saw 2 of its levels.

You collected 52 gold pieces.

Inventory:

Armour
 a - a +0 robe (worn)
Scrolls
 d - a scroll of immolation {unknown}
 f - a scroll of noise {unknown}
 g - a scroll of enchant armour {unknown}
Potions
 e - 2 potions of brilliance {unknown}
 h - a potion of curing {unknown}
 i - a potion of agility {unknown}
 j - a potion of mutation {unknown}
 k - 2 potions of lignification {unknown}
Comestibles
 c - 3 rations
 l - 2 chunks of flesh


   Skills:
 - Level 2.6 Dodging
 - Level 2.1 Stealth
 * Level 2.5 Unarmed Combat
 - Level 2.0 Spellcasting
   Level 0.7 Conjurations
 + Level 3.8 Ice Magic


You had 2 spell levels left.
You knew the following spells:

 Your Spells              Type           Power        Failure   Level  Hunger
a - Freeze                Ice            ##..         4%          1    #......
c - Ozocubu's Armour      Chrm/Ice       #.......     30%         3    ###....


Dungeon Overview and Level Annotations

Branches:
Dungeon (2/15)

Altars:


Message History

You hit the bat.
The bat is heavily wounded.
The bat closely misses you. The bat hits you but does no damage.
You hit the bat.
The bat is severely wounded.
The bat hits you.
You barely miss the bat.
The bat is severely wounded.
The bat barely misses you. The bat closely misses you.
You take 1 damage, and have 21/24 hp.
The jackal barks!
You hit the bat.
You kill the bat!
The worm barely misses you.
You see here a bat corpse.
The jackal barks!
You hit the worm.
The worm is lightly wounded.
You hit the worm.
The worm is moderately wounded.
The worm closely misses you.
You hit the worm.
The worm is moderately wounded.
The worm bites you.
You take 2 damage, and have 19/24 hp.
You barely miss the worm.
The worm is moderately wounded.
You barely miss the worm. You punch the worm.
The worm is heavily wounded.
The worm barely misses you.
You hit the worm.
The worm is severely wounded.
You hit the worm.
The worm is almost dead.
The worm bites you!
* * * LOW HITPOINT WARNING * * *
You take 8 damage, and have 12/24 hp.
MASSIVE DAMAGE!!
You barely miss the worm.
The worm is severely wounded.
The worm bites you.
* * * LOW HITPOINT WARNING * * *
You take 1 damage, and have 11/24 hp.
You hit the worm.
The worm is almost dead.
You hit the worm but do no damage.
The worm is almost dead.
The worm closely misses you.
You barely miss the worm.
The worm is almost dead.
You hit the worm.
You kill the worm!
The jackal barely misses you.
You hit the jackal.
The jackal is lightly wounded.
The jackal barely misses you.
You hit the jackal.
The jackal is severely wounded.
The jackal bites you.
* * * LOW HITPOINT WARNING * * *
You take 2 damage, and have 9/24 hp.
You hit the jackal.
You kill the jackal!
The jackal barely misses you.
You barely miss the jackal. The jackal bites you.
* * * LOW HITPOINT WARNING * * *
You take 1 damage, and have 8/24 hp.
You closely miss the jackal. The jackal closely misses you.
The jackal bites you.
* * * LOW HITPOINT WARNING * * *
You take 1 damage, and have 7/24 hp.
You hit the jackal but do no damage.
The jackal bites you but does no damage.
Casting: Freeze
Confirm with . or Enter, or press ? or * to list all spells.
You miscast Ozocubu's Armour.
You are very lightly contaminated with residual magic.
Nothing appears to happen.
The jackal bites you.
* * * LOW HITPOINT WARNING * * *
You take 2 damage, and have 5/24 hp.
You now have 3/6 mp.
You hit the jackal but do no damage. The jackal bites you.
* * * LOW HITPOINT WARNING * * *
You take 2 damage, and have 3/24 hp.
You closely miss the jackal. The jackal bites you.
* * * LOW HITPOINT WARNING * * *
The jackal misses you.
You take 2 damage, and have 1/24 hp.
You closely miss the jackal. The jackal misses you.
Casting: Ozocubu's Armour
Confirm with . or Enter, or press ? or * to list all spells.
A film of ice covers your body! The jackal closely misses you.
The jackal misses you.
You now have 0/6 mp.
You closely miss the jackal.
The jackal bites you but does no damage.
You closely miss the jackal. The jackal barely misses you.
Unknown command.
You hit the jackal.
The jackal is almost dead.
The jackal bites you.
You die...

##'## ##....# ##...##
##.#.# # ##.....##
#####.# ## ##.......#
##.###.#
.####.........####...##.#
....'.........+.........#
.####.........##.#...#..#
## ##.......###.##.##..#
# ##.....## #@##.....#
##...## #h##.##.## #+##
#h##.##.# ...h...h...##.#
..............#
...........####
...........# ...........#
...h......##


You could see 3 jackals.

Vanquished Creatures
  An adder (D:2)
  A worm (D:2)
  A dart slug (D:2)
  2 leopard geckos
  4 bats
  3 goblins
  A hobgoblin (D:1)
  A jackal (D:2)
  2 frilled lizards (D:1)
  2 kobolds
  2 rats (D:1)
20 creatures vanquished.

Notes
Turn   | Place    | Note
-------+----------+-------------------------------------------
     0 | D:1      | Monsterracer the Merfolk Ice Elementalist began the quest for the Orb.
     0 | D:1      | Reached XP level 1. HP: 13/13 MP: 3/3
   365 | D:1      | Reached skill level 1 in Unarmed Combat
   413 | D:1      | Reached XP level 2. HP: 16/19 MP: 0/5
  1408 | D:2      | Reached XP level 3. HP: 24/24 MP: 3/6
  1413 | D:2      | Learned a level 3 spell: Ozocubu's Armour
  1616 | D:2      | HP: 12/24 [worm (8)]
  1623 | D:2      | HP: 9/24 [jackal (2)]
  1628 | D:2      | HP: 5/24 [jackal (2)]
  1630 | D:2      | HP: 1/24 [jackal (2)]
  1635 | D:2      | Slain by a jackal

Skill      XL: |  1  2 |
---------------+-------+-----
Unarmed Combat | 1 2 |  2.5
Dodging        | |  2.6
Stealth        | |  2.1
Spellcasting   | |  2.0
Conjurations   | |  0.7
Ice Magic      | |  3.8

Action                   || total
-------------------------++-------
Melee: Unarmed           ||    62
       Punch             ||     1
 Cast: Freeze            ||    23
       Ozocubu's Armour  ||     1
 Stab: Sleeping          ||     2
  Eat: Chunk             ||     2
Armor: Robe              ||     9
Dodge: Dodged            ||    53

Vault maps used:
D:1:      dpeg_arrival_circle_labyrinth_c
D:2:      first_ration
